 Dungeon Crawl Stone Soup version 0.18.1-50-g88ac8fd (webtiles) character file.

316 wyrdjoy the Cleaver (level 6, -20/51 HPs)
             Began as a Minotaur Berserker on May 8, 2017.
             Was a Believer of Trog.
             Demolished by an ogre
             ... wielding a +0 giant spiked club
              (22 damage)
             ... on level 4 of the Dungeon.
             The game lasted 00:06:09 (2956 turns).

wyrdjoy the Cleaver (Minotaur Berserker)            Turns: 2956, Time: 00:06:10

Health: -20/51     AC:  8    Str: 21    XL:     6   Next: 20%
Magic:  5/5        EV:  3    Int:  4    God:    Trog [**....]
Gold:   237        SH:  0    Dex: 12    Spells: 0 memorised, 5 levels left

rFire  . . .     SeeInvis .     n - +1 whip (elec)
rCold  . . .     Gourm    +     i - +0 chain mail
rNeg   . . .     Faith    .     (no shield)
rPois  .         Spirit   .     (helmet restricted)
rElec  .         Dismiss  .     (no cloak)
rCorr  +         Reflect  .     (no gloves)
SustAt .         Harm     .     (no boots)
MR     .....                    j - amulet of the gourmand
Stlth  ..........               (no ring)
                                m - ring of resist corrosion

@: exhausted, slowed, drained, very slow, not resistant to hostile enchantments,
extremely unstealthy
A: retaliatory headbutt, horns 2
a: Berserk, Trog's Hand, Burn Spellbooks, Renounce Religion


You were on level 4 of the Dungeon.
You worshipped Trog.
Trog was pleased with you.
You were very full.

You visited 1 branch of the dungeon, and saw 4 of its levels.

You collected 237 gold pieces.

Inventory:

Hand Weapons
 a - a +0 hand axe
 n - a +1 whip of electrocution (weapon)
Armour
 i - a +0 chain mail (worn)
Jewellery
 j - an amulet of the gourmand (around neck)
 m - a ring of resist corrosion (left hand)
Scrolls
 b - 2 scrolls of identify
 d - 2 scrolls of remove curse
 e - a scroll of blinking {unknown}
 h - a scroll of magic mapping {unknown}
 l - a scroll of immolation {unknown}
 o - a scroll of random uselessness {unknown}
 q - 2 scrolls of enchant armour {unknown}
 s - 3 scrolls of amnesia {unknown}
 u - a scroll of enchant weapon {unknown}
Potions
 f - a potion of resistance {unknown}
 g - a potion of magic
 p - 5 potions of curing {unknown}
 r - a potion of invisibility {unknown}
 v - a potion of ambrosia {unknown}
 w - a potion of flight
 z - a potion of cancellation {unknown}
 A - a potion of cure mutation {unknown}
Comestibles
 c - 3 bread rations
 k - 4 meat rations
 t - a royal jelly
 x - 2 fruits
 B - a chunk of flesh


   Skills:
 - Level 3.6(3.5) Fighting
 + Level 8.5(8.4) Axes
 - Level 2.4(2.3) Armour
 - Level 2.1 Dodging


You had 5 spell levels left.
You didn't know any spells.

Dungeon Overview and Level Annotations

Branches:
Dungeon (4/15)
 Temple: D:4-7

Altars:
Ashenzari
Cheibriados
Nemelex Xobeh


Innate Abilities, Weirdness & Mutations

You reflexively headbutt those who attack you in melee.
You have a pair of horns on your head.


Message History

Trog accepts your kill.
You see here a short sword.
You feel a strong urge to attack something.
An ogre comes into view. It is wielding a giant spiked club.
Things that are here:
an uncursed shortbow; 14 arrows
Found a bread ration.
You feel your anger subside.
You are no longer berserk.
You are exhausted.
You feel yourself slow down.
Things that are here:
an uncursed shortbow; 14 arrows You see here a short sword.
You see here a club.
The ogre hits you with a giant spiked club!!
Ouch! That really hurt!
* * * LOW HITPOINT WARNING * * *
There is an escape hatch in the floor here.
The ogre hits you with a giant spiked club!!
You die...

.......#......#[#
#.............#.#
.#####..#......#.#
......[....#.#.#.#
#...............#
.........>#.#.###
####.###.###.#.#.#
..##.#.......#...#
#.##@##.##########
#.##O##.#
#.##S##.#
#.##.##.#
#..))...#
####)#### #)# #.#
........#


You could see an ogre and an adder.

Vanquished Creatures
  A water moccasin (D:3)
  A centaur (D:4)
  Terence (D:2)
  4 adders
  A dart slug (D:3)
  6 orcs
  3 giant cockroaches
  12 goblins
  8 hobgoblins
  3 jackals (D:1)
  9 kobolds
  A ball python (D:1)
  6 bats
  4 giant newts
  5 rats (D:1)
65 creatures vanquished.

Notes
Turn   | Place    | Note
--------------------------------------------------------------
     0 | D:1      | wyrdjoy the Minotaur Berserker began the quest for the Orb.
     0 | D:1      | Reached XP level 1. HP: 19/19 MP: 0/0
   151 | D:1      | Reached skill level 4 in Axes
   249 | D:1      | Reached XP level 2. HP: 26/26 MP: 1/1
   646 | D:1      | Reached skill level 5 in Axes
   740 | D:1      | Reached ** piety under Trog
   774 | D:1      | Reached XP level 3. HP: 31/31 MP: 2/2
  1456 | D:2      | Found a snail-covered altar of Cheibriados.
  1476 | D:2      | Noticed Terence
  1483 | D:2      | Killed Terence
  1483 | D:2      | Reached skill level 6 in Axes
  1483 | D:2      | Reached XP level 4. HP: 39/39 MP: 3/3
  1931 | D:3      | Found a shattered altar of Ashenzari.
  2180 | D:3      | Found a sparkling altar of Nemelex Xobeh.
  2593 | D:3      | Noticed a water moccasin
  2598 | D:3      | Killed a water moccasin
  2598 | D:3      | Reached skill level 7 in Axes
  2598 | D:3      | Reached XP level 5. HP: 37/45 MP: 4/4
  2916 | D:4      | Noticed a centaur
  2933 | D:4      | Killed a centaur
  2933 | D:4      | Reached skill level 8 in Axes
  2933 | D:4      | Reached XP level 6. HP: 27/51 MP: 5/5
  2954 | D:4      | HP: 2/51 [ogre/giant spiked club (29)]
  2956 | D:4      | Demolished by an ogre

Skill      XL: |  1  2  3  4  5 |
---------------+----------------+-----
Axes           | 4 5 6 7 8 |  8.5
Fighting       | |  3.6
Armour         | |  2.4
Dodging        | |  2.1

Action                   |  1- 3 |  4- 6 || total
-------------------------+-------+-------++-------
Melee: Hand axe          |    38 |       ||    38
       Headbutt          |     8 |     8 ||    16
       Whip              |    38 |    64 ||   102
Invok: Berserk           |     1 |     1 ||     2
  Use: Scroll            |       |     5 ||     5
  Eat: Chunk             |    17 |     7 ||    24
Armor: Animal skin       |     7 |       ||     7
       Chain mail        |    16 |    35 ||    51
Dodge: Dodged            |    37 |    28 ||    65
